 Dungeon Crawl Stone Soup version 0.29-a0-321-gf1c400731a (webtiles) character file.

Game seed: 10705382767895572574

4573 sammy202020 the Fighter (level 10, -4/87 HPs)
             Began as a Demonspawn Berserker on Apr 4, 2022.
             Was a Priest of Trog.
             Slain by sammy202020's ghost (8 damage)
             ... on level 9 of the Dungeon on Apr 5, 2022.
             The game lasted 00:18:05 (9254 turns).

sammy202020 the Fighter (Demonspawn Berserker)      Turns: 9254, Time: 00:18:06

Health: -4/87      AC: 17    Str: 19    XL:     10   Next: 18%
Magic:  10/10      EV:  9    Int: 11    God:    Trog [***...]
Gold:   489        SH:  0    Dex: 13    Spells: 9/9 levels left

rFire   . . .      SeeInvis .   a - +2 hand axe (vorpal)
rCold   + . .      Faith    +   (no shield)
rNeg    + . .      Spirit   .   p - +1 chain mail {rC+}
rPois   .          Reflect  .   o - +1 helmet
rElec   .          Harm     .   q - +2 cloak
rCorr   .          Rampage  .   (no gloves)
Will    ++...                   (no boots)
Stlth   ..........              m - amulet of faith
HPRegen 1.24/turn               c - ring of flight
MPRegen 0.12/turn               w - ring of positive energy

@: strong-willed, flying, regenerating, hasted, studying Stealth, very quick
A: rugged brown scales 1, ignite blood 1, spiny 1, sense surroundings 1, sturdy
frame 1
a: Renounce Religion, Berserk, Trog's Hand


You were on level 9 of the Dungeon.
You worshipped Trog.
Trog was most pleased with you.
You visited 1 branch of the dungeon, and saw 9 of its levels.

You collected 489 gold pieces.

Inventory:

Hand Weapons
 a - a +2 vorpal hand axe (weapon)
 n - a +1 hand axe of electrocution
 t - a +3 battleaxe
 x - a +0 war axe
Missiles
 g - 17 poisoned darts (quivered)
 r - 4 atropa-tipped darts
 z - a boomerang
Armour
 o - a +1 helmet (worn)
 p - a +1 chain mail of cold resistance (worn)
 q - a +2 cloak (worn)
 y - +0 acid dragon scales
Jewellery
 c - a ring of flight (left hand)
 m - an amulet of faith (around neck)
 w - a ring of positive energy (right hand)
 A - an amulet of the acrobat
 D - a +4 ring of evasion
Wands
 j - a wand of digging (6)
 l - a wand of iceblast (9)
 B - a wand of polymorph (4)
Scrolls
 e - a scroll of teleportation
 s - a scroll of enchant armour
 v - 3 scrolls of identify
Potions
 b - 2 potions of lignification
 d - a potion of haste
 f - a potion of mutation
 h - 2 potions of might {unknown}
 i - 3 potions of curing
 k - a potion of cancellation {unknown}
 u - a potion of brilliance {unknown}


   Skills:
 * Level 9.9 Fighting
 * Level 9.0(9.1) Axes
 - Level 2.0(6.0) Polearms
 + Level 6.2 Armour
 - Level 1.7 Dodging


You had 9 spell levels left.
You didn't know any spells.
Your spell library was empty.

Dungeon Overview and Level Annotations

Branches:
Dungeon (9/15)             Temple (0/1) D:7
   Lair: D:8-11         Orc: D:9-12

Altars:
Kikubaaqudgha
Ru
Uskayaw
Xom
The Shining One

Annotations:
D:9 sammy202020's ghost, novice DsBe


Innate Abilities, Weirdness & Mutations

You are partially covered in rugged brown scales. (AC +1, +3% HP)
Your demonic aura sometimes causes spilled blood to erupt in flames.
You are partially covered in sharp spines.
You passively map a small area around you.
Your movements are slightly less encumbered by armour. (ER -2)


Message History

Sammy202020's ghost is almost destroyed.
Sammy202020's ghost misses you.
You hit sammy202020's ghost but do no damage.
Sammy202020's ghost is almost destroyed.
You feel the effects of Trog's Hand fading.
You barely miss sammy202020's ghost.
Sammy202020's ghost is almost destroyed.
Sammy202020's ghost hits you but does no damage.
You hit sammy202020's ghost but do no damage.
Sammy202020's ghost is almost destroyed.
Sammy202020's ghost hits you!
Okay, then.
You hit sammy202020's ghost but do no damage.
Sammy202020's ghost is almost destroyed.
You feel yourself slow down.
You hit sammy202020's ghost but do no damage.
Sammy202020's ghost is almost destroyed.
Sammy202020's ghost hits you but does no damage.
You barely miss sammy202020's ghost.
Sammy202020's ghost is almost destroyed.
Sammy202020's ghost hits you!
Your skin crawls.
You feel strong-willed. Sammy202020's ghost hits you!
* * * LOW HITPOINT WARNING * * *
You feel yourself speed up.
Sammy202020's ghost shouts, "You must not fail where I succeeded!"
Sammy202020's ghost hits you!
* * * LOW HITPOINT WARNING * * *
You hit sammy202020's ghost but do no damage.
Sammy202020's ghost is almost destroyed.
You hit sammy202020's ghost but do no damage.
Sammy202020's ghost is almost destroyed.
You recover from your berserk rage.
Sammy202020's ghost hits you.
* * * LOW HITPOINT WARNING * * *
You completely miss sammy202020's ghost.
Sammy202020's ghost is almost destroyed.
Sammy202020's ghost hits you!
You die...

....................+....#
....................#....#####.
....................'..........
........######......#..........
........'....#.§....#..........,
........#....#.§§...#..........
........#....#§§§#####......... ,
........#....#§§§#§§ #.#######.
........######§§@Wu§ #.# ,
#####.........§§§#§§ #.# , , + ,
....'.........§§§#####.#
....#........########..# , ,
....#........#.........#
....##########.........##* .
.........................#######.
.................................
.................................


You could see a white ugly thing and sammy202020's ghost.

Vanquished Creatures
  Erolcha (D:9)
  The ghost of MisterAzrael the Cleaver, a novice HOMo of Okawaru (D:7)
  The ghost of sammy202020 the Skirmisher, a novice DsBe of Trog (D:7)
  A troll (D:8)
  A steam dragon (D:7)
  An acid dragon (D:7)
  3 water moccasins
  A sky beast (D:8)
  A black bear (D:7)
  2 orc warriors
  2 centaurs
  A kobold brigand (D:8)
  A bullfrog (D:7)
  2 necrophages
  A scorpion (D:7)
  5 wights (D:8)
  A jelly (D:8)
  6 hounds
  5 orc priests
  2 gnoll shamans
  Terence (D:3)
  11 orc wizards
  An iguana (D:7)
  5 gnolls (D:5)
  10 adders
  2 shadow imps
  An ufetubus (D:5)
  3 dart slugs
  30 orcs
  6 endoplasms
  8 giant cockroaches
  7 goblins
  4 hobgoblins
  4 jackals (D:2)
  10 kobolds
  5 quokkas
  11 ball pythons
  7 bats
  2 frilled lizards
  2 rats (D:1)
169 creatures vanquished.

Vanquished Creatures (others)
  A plant (D:3)
1 creature vanquished.

Grand Total: 170 creatures vanquished

Notes
Turn   | Place    | Note
-------+----------+-------------------------------------------
     0 | D:1      | sammy202020 the Demonspawn Berserker began the quest for
                  | the Orb.
     0 | D:1      | Reached XP level 1. HP: 18/18 MP: 1/1
   174 | D:1      | Gained mutation: You are partially covered in rugged brown
                  | scales. (AC +1, +3% HP) [demonic ancestry]
   174 | D:1      | Reached XP level 2. HP: 10/24 MP: 2/2
  1250 | D:2      | Gained mutation: You are partially covered in sharp spines.
                  | [demonic ancestry]
  1250 | D:2      | Reached XP level 3. HP: 29/29 MP: 3/3
  1369 | D:2      | Reached ** piety under Trog
  1974 | D:3      | Found a faded altar of an unknown god.
  2177 | D:3      | Noticed Terence
  2183 | D:3      | Reached XP level 4. HP: 38/38 MP: 4/4
  2190 | D:3      | Killed Terence
  2452 | D:3      | Identified the +7 short sword of the Toadstool {freeze,
                  | *Noise Fly rCorr Stlth+}
  3177 | D:4      | Gained mutation: Your demonic aura sometimes causes spilled
                  | blood to erupt in flames. [demonic ancestry]
  3177 | D:4      | Reached XP level 5. HP: 42/44 MP: 5/5
  3546 | D:4      | Reached *** piety under Trog
  4053 | D:5      | Entered Level 5 of the Dungeon
  4100 | D:5      | Found a hide-covered altar of Uskayaw.
  4110 | D:5      | Reached XP level 6. HP: 40/51 MP: 6/6
  4123 | D:5      | Found an ancient bone altar of Kikubaaqudgha.
  4132 | D:5      | Reached skill level 5 in Fighting
  4136 | D:5      | HP: 2/52 [gnoll/+0 flail (10)]
  4169 | D:5      | Noticed a water moccasin
  4246 | D:5      | Killed a water moccasin
  4767 | D:5      | Found a shimmering altar of Xom.
  4841 | D:5      | Found a sacrificial altar of Ru.
  4915 | D:5      | Reached skill level 5 in Axes
  4915 | D:5      | Reached XP level 7. HP: 49/57 MP: 7/7
  5708 | D:7      | Reached skill level 1 in Polearms
  5847 | D:7      | Reached XP level 8. HP: 59/66 MP: 8/8
  5847 | D:7      | Reached **** piety under Trog
  5997 | D:7      | Found a runed translucent gate.
  5997 | D:7      | Found a runed translucent gate.
  5997 | D:7      | Found a runed translucent gate.
  5998 | D:7      | Noticed MisterAzrael's ghost (novice HOMo)
  5999 | D:7      | Noticed sammy202020's ghost (novice DsBe)
  6036 | D:7      | Killed sammy202020's ghost
  6054 | D:7      | Killed MisterAzrael's ghost
  6055 | D:7      | Reached skill level 5 in Armour
  6055 | D:7      | Reached XP level 9. HP: 56/76 MP: 9/9
  6665 | D:7      | Identified the +5 quarterstaff "Raschat" {freeze, *Corrode
                  | Str+4 Int+4}
  6813 | D:7      | Found a staircase to the Ecumenical Temple.
  7451 | D:8      | Noticed a troll
  7461 | D:8      | Killed a troll
  8673 | D:8      | Gained mutation: Your movements are slightly less
                  | encumbered by armour. (ER -2) [potion of mutation]
  8673 | D:8      | Gained mutation: You passively map a small area around you.
                  | [potion of mutation]
  8900 | D:9      | Reached XP level 10. HP: 60/85 MP: 10/10
  9126 | D:9      | Noticed Erolcha
  9135 | D:9      | Killed Erolcha
  9172 | D:9      | Found a runed translucent door.
  9174 | D:9      | Noticed a white ugly thing
  9174 | D:9      | Noticed sammy202020's ghost (novice DsBe)
  9253 | D:9      | HP: 3/87 [sammy202020's ghost (6)]
  9254 | D:9      | Slain by sammy202020's ghost

Illustrated notes

Levels and vault maps discovered:
D:1:      erik_arrival_blinker_ship, layout_loops_ring
D:2:      layout_loops_ring
D:3:      layout_basic, nicolae_ecumenical_pavilion, chequers_big_river,
          kennysheep_generic_room_3, uniq_terence
D:4:      layout_layer_cave, mainiacjoe_overflow_alcove_4, grunt_ministairs_4
D:5:      layout_rooms, kennysheep_mini, tgw_xom,
          mainiacjoe_overflow_catwalk_spiral, minmay_misc_feat_x
D:6:      layout_rooms, minmay_strange_pillars
D:7:      layout_cave_pools, nicolae_tso_swordbearing_angel,
          lemuel_temple_firewalk_a, gammafunk_ghost_cemetery, minmay_manual_maat
D:8:      layout_gridville, minivault_5, kennysheep_generic_room_5
D:9:      layout_irregular_city, nicolae_qazlal_eye_of_the_storm,
          ebering_ghost_inner_flame, uniq_erolcha

Skill      XL: |  1  2  3  4  5  6  7  8  9 10 |
---------------+-------------------------------+-----
Axes           | 3 4 5 7 8 9 |  9.0
Armour         | 2 3 5 6 |  6.2
Fighting       | 4 5 6 8 9 |  9.9
Polearms       | 1 2 |  2.0
Dodging        | |  1.7

Action                   |  1- 3 |  4- 6 |  7- 9 | 10-12 || total
-------------------------+-------+-------+-------+-------++-------
Melee: Hand axe          |   117 |   114 |   203 |    75 ||   509
       Punch             |     1 |     1 |     3 |     1 ||     6
Invok: Berserk           |       |     2 |     8 |     2 ||    12
       Trog's Hand       |       |     2 |     6 |     3 ||    11
  Use: Scroll            |       |     8 |     7 |       ||    15
       Potion            |       |     1 |     5 |     4 ||    10
Armor: Animal skin       |    19 |       |       |       ||    19
       Ring mail         |    10 |    40 |       |       ||    50
       Chain mail        |       |     3 |   143 |    23 ||   169
Dodge: Dodged            |    84 |    69 |    66 |    10 ||   229

Table legend: (Time is in decaauts)
 A = Elapsed time spent in this place.
 B = Non-inter-level travel time spent in this place.
 C = Inter-level travel time spent in this place.
 D = Time resting spent in this place.
 E = Time spent auto-exploring this place.
 F = Levels seen in this place.
 G = Mean time per level.
                   A        B        C        D        E       F      G
               +--------+--------+--------+--------+--------+-----+--------+
         Total |   9327 |   8909 |    418 |    902 |   6604 |   9 | 1036.3 |
       Dungeon |   9327 |   8909 |    418 |    902 |   6604 |   9 | 1036.3 |
               +--------+--------+--------+--------+--------+-----+--------+

Top non-repeatable levels by time:
     D:8: 1818 daAuts
     D:7: 1340 daAuts
     D:3: 1208 daAuts
     D:1: 1133 daAuts
     D:5: 1092 daAuts
     D:4: 885 daAuts
     D:2: 854 daAuts
     D:9: 499 daAuts
     D:6: 495 daAuts
